 Dungeon Crawl Stone Soup version 0.22.0-49-gab54619674 (webtiles) character file.

103 IceCat the Insei (level 4, -6/34 HPs)
             Began as a Gnoll Transmuter on Sept 7, 2018.
             Killed by divine providence
             ... invoked by an orc priest
              (14 damage)
             ... on level 3 of the Dungeon.
             The game lasted 00:05:12 (1801 turns).

IceCat the Insei (Gnoll Transmuter)                 Turns: 1801, Time: 00:05:13

Health: -6/34      AC:  3    Str: 13    XL:     4   Next: 79%
Magic:  11/11      EV: 14    Int: 16    God:
Gold:   83         SH:  5    Dex: 15    Spells: 12/13 levels left

rFire    . . .     SeeInvis .     - Unarmed
rCold    . . .     Gourm    .   (no shield)
rNeg     . . .     Faith    .   b - +0 robe
rPois    .         Spirit   .   m - +0 helmet
rElec    .         Reflect  +   (no cloak)
rCorr    .         Harm     .   (no gloves)
MR       .....                  (boots currently unavailable)
Stlth    ++........             h - +5 amulet of reflection
HPRegen  0.11/turn              (no ring)
MPRegen  0.12/turn              (no ring)

@: appendage (expiring), drained
A: distributed training, fangs 1, talons 3, strong nose
a: End Transformation


You were on level 3 of the Dungeon.
You were not hungry.
You had grown temporary talons.
You visited 1 branch of the dungeon, and saw 3 of its levels.

You collected 83 gold pieces.

Inventory:

Missiles
 a - 47 arrows
Armour
 b - a +0 robe (worn)
 m - a +0 helmet (worn)
Jewellery
 g - an uncursed amulet of harm
 h - a +5 amulet of reflection (around neck)
 l - an uncursed amulet of the gourmand
Scrolls
 c - a scroll of immolation {unknown}
 e - 6 scrolls of identify {unknown}
 f - a scroll of enchant weapon {unknown}
 j - 3 scrolls of remove curse {unknown}
 k - 2 scrolls of amnesia {unknown}
 n - 3 scrolls of teleportation {unknown}
 o - a scroll of enchant armour {unknown}
Potions
 i - 2 potions of curing
Comestibles
 d - 5 rations
 p - 2 chunks of flesh


   Skills:
 + Level 2.8(2.1) Fighting
 + Level 1.2(0.5) Short Blades
 + Level 1.2(0.5) Long Blades
 + Level 1.2(0.5) Axes
 + Level 1.2(0.5) Maces & Flails
 + Level 1.2(0.5) Polearms
 + Level 1.2(0.5) Staves
 + Level 1.2(0.5) Slings
 + Level 1.2(0.5) Bows
 + Level 1.2(0.5) Crossbows
 + Level 1.2(0.5) Throwing
 + Level 1.2(0.5) Armour
 + Level 4.7(3.9) Dodging
 + Level 1.2(0.5) Stealth
 + Level 1.2(0.5) Shields
 + Level 6.6(5.8) Unarmed Combat
 + Level 5.1(4.3) Spellcasting
 + Level 1.0(0.3) Conjurations
 + Level 1.0(0.3) Hexes
 + Level 1.0(0.3) Charms
 + Level 1.0(0.3) Summonings
 + Level 1.0(0.3) Necromancy
 + Level 1.0(0.3) Translocations
 + Level 3.9(3.1) Transmutations
 + Level 1.0(0.3) Fire Magic
 + Level 1.0(0.3) Ice Magic
 + Level 1.0(0.3) Air Magic
 + Level 1.0(0.3) Earth Magic
 + Level 1.0(0.3) Poison Magic
 + Level 1.3(0.7) Invocations
 + Level 1.2(0.5) Evocations


You had 12 spell levels left.
You knew the following spells:

 Your Spells              Type           Power        Failure   Level  Hunger
a - Beastly Appendage     Tmut           ##....       4%          1    None

Your spell library contained the following spells:

 Spells                   Type           Power        Failure   Level  Hunger
 Sticks to Snakes         Tmut           ##......     7%          2    ##.....
 Spider Form              Tmut/Pois      #.........   24%         3    ###....
 Ice Form                 Ice/Tmut       #.......     61%         4    ####...
 Blade Hands              Tmut           ##........   77%         5    ######.


Dungeon Overview and Level Annotations

Branches:
Dungeon (3/15)

Altars:
Nemelex Xobeh
Okawaru


Innate Abilities, Weirdness & Mutations

Your experience applies equally to all skills.
You have very sharp teeth.
Your uncanny sense of smell can sniff out nearby items.
You have claws for feet.


Message History

The orc priest closely misses you.
You closely miss the orc priest.
The orc priest is heavily wounded.
The orc priest hits you with a hand axe.
You closely miss the orc priest. You claw the orc priest.
The orc priest is severely wounded.
The orc priest mumbles some strange prayers to Beogh against you.
Beogh smites you!
* * * LOW HITPOINT WARNING * * *
You are too injured to fight recklessly!
You are too injured to fight recklessly!
You closely miss the orc priest. You claw the orc priest.
The orc priest is severely wounded.
The orc priest barely misses you.
Unknown command.
You hit the orc priest.
The orc priest is almost dead.
The orc priest calls down the wrath of Beogh upon you.
Beogh smites you!
You die...

#)######.#
####.## #.#
#.....# #.#
#.##.## #.#
#.#### #.#
#.# #.#
##.## #.#
##.(.## #.#
######.###.#
#.@....# #.#
#o####.###.#
#. ##...##
#. ##### #.
#< #. #.


You could see an orc priest.

Vanquished Creatures
  Robin (D:2)
  3 adders (D:2)
  2 worms (D:2)
  2 dart slugs
  2 leopard geckos
  An orc (D:3)
  A giant cockroach (D:1)
  10 goblins
  4 hobgoblins (D:2)
  4 jackals (D:2)
  5 kobolds
  A quokka (D:3)
  A ball python (D:1)
  6 bats
  4 frilled lizards
  6 rats
53 creatures vanquished.

Notes
Turn   | Place    | Note
-------+----------+-------------------------------------------
     0 | D:1      | IceCat the Gnoll Transmuter began the quest for the Orb.
     0 | D:1      | Reached XP level 1. HP: 17/17 MP: 6/6
    32 | D:1      | Found a sparkling altar of Nemelex Xobeh.
   204 | D:1      | Reached XP level 2. HP: 23/23 MP: 7/7
   566 | D:2      | Reached skill level 5 in Spellcasting
   566 | D:2      | Reached XP level 3. HP: 20/28 MP: 7/9
   671 | D:2      | Reached skill level 1 in Invocations
   937 | D:2      | Found an iron altar of Okawaru.
   970 | D:2      | Reached skill level 1 in Short Blades
   970 | D:2      | Reached skill level 1 in Long Blades
   970 | D:2      | Reached skill level 1 in Axes
   970 | D:2      | Reached skill level 1 in Maces & Flails
   970 | D:2      | Reached skill level 1 in Polearms
   970 | D:2      | Reached skill level 1 in Staves
   970 | D:2      | Reached skill level 1 in Slings
   970 | D:2      | Reached skill level 1 in Bows
   970 | D:2      | Reached skill level 1 in Crossbows
   970 | D:2      | Reached skill level 1 in Throwing
   970 | D:2      | Reached skill level 1 in Armour
   970 | D:2      | Reached skill level 1 in Stealth
   970 | D:2      | Reached skill level 1 in Shields
   970 | D:2      | Reached skill level 1 in Evocations
  1021 | D:2      | Reached XP level 4. HP: 28/34 MP: 11/11
  1200 | D:2      | Noticed Robin
  1232 | D:2      | Killed Robin
  1649 | D:3      | Reached skill level 1 in Conjurations
  1649 | D:3      | Reached skill level 1 in Hexes
  1649 | D:3      | Reached skill level 1 in Charms
  1649 | D:3      | Reached skill level 1 in Summonings
  1649 | D:3      | Reached skill level 1 in Necromancy
  1649 | D:3      | Reached skill level 1 in Translocations
  1649 | D:3      | Reached skill level 1 in Fire Magic
  1649 | D:3      | Reached skill level 1 in Ice Magic
  1649 | D:3      | Reached skill level 1 in Air Magic
  1649 | D:3      | Reached skill level 1 in Earth Magic
  1649 | D:3      | Reached skill level 1 in Poison Magic
  1801 | D:3      | Killed from afar by an orc priest

Skill      XL: |  1  2  3  4 |
---------------+-------------+-----
Spellcasting   | 5 |  5.1
Invocations    | 1 |  1.3
Short Blades   | 1 |  1.2
Long Blades    | 1 |  1.2
Axes           | 1 |  1.2
Maces & Flails | 1 |  1.2
Polearms       | 1 |  1.2
Staves         | 1 |  1.2
Slings         | 1 |  1.2
Bows           | 1 |  1.2
Crossbows      | 1 |  1.2
Throwing       | 1 |  1.2
Armour         | 1 |  1.2
Stealth        | 1 |  1.2
Shields        | 1 |  1.2
Evocations     | 1 |  1.2
Conjurations   | 1 |  1.0
Hexes          | 1 |  1.0
Charms         | 1 |  1.0
Summonings     | 1 |  1.0
Necromancy     | 1 |  1.0
Translocations | 1 |  1.0
Fire Magic     | 1 |  1.0
Ice Magic      | 1 |  1.0
Air Magic      | 1 |  1.0
Earth Magic    | 1 |  1.0
Poison Magic   | 1 |  1.0
Fighting       | |  2.8
Dodging        | |  4.7
Unarmed Combat | |  6.6
Transmutations | |  3.9

Action                   |  1- 3 |  4- 6 || total
-------------------------+-------+-------++-------
Melee: Unarmed           |    94 |    68 ||   162
       Kick              |     9 |     4 ||    13
       Bite              |     5 |     3 ||     8
       Punch             |     4 |     1 ||     5
       Headbutt          |     1 |       ||     1
 Cast: Beastly Appendage |     6 |     3 ||     9
  Use: Potion            |     1 |     2 ||     3
 Stab: Sleeping          |       |     1 ||     1
  Eat: Chunk             |       |     3 ||     3
Armor: Robe              |    10 |     5 ||    15
       Skin              |       |    12 ||    12
Dodge: Dodged            |    48 |    33 ||    81
Block: Other             |    10 |     8 ||    18
